 Dungeon Crawl Stone Soup version 0.25-a0-972-g74ed164fb1 (webtiles) character file.

Game seed: 3074442985573416284, levelgen mode: deterministic

9128 Majang the Covert (level 11, -3/53 HPs)
             Began as a Spriggan Ice Elementalist on May 9, 2020.
             Was an Elder of Vehumet.
             Slain by a merfolk
             ... wielding a +0 trident
              (18 damage)
             ... on level 2 of the Lair of Beasts.
             The game lasted 01:06:41 (10433 turns).

Majang the Covert (Spriggan Ice Elementalist)      Turns: 10433, Time: 01:06:42

Health: -3/53      AC: 10    Str: 13    XL:     11   Next: 19%
Magic:  17/23      EV: 23    Int: 20    God:    Vehumet [****..]
Gold:   408        SH:  6    Dex: 15    Spells: 13/25 levels left

rFire    . . .     SeeInvis +   g - +1 dagger
rCold    . . .     Gourm    .   u - +0 buckler
rNeg     + + .     Faith    .   C - +0 robe "Bosm" {rN++ Regen+ Str+9 Dex-2} (curse)
rPois    .         Spirit   .   (helmet restricted)
rElec    .         Reflect  .   (no cloak)
rCorr    +         Harm     .   (gloves unavailable)
MR       +....                  (boots unavailable)
Stlth    ++++......             s - amulet of regeneration
HPRegen  0.97/turn              r - ring of resist corrosion
MPRegen  0.18/turn              (no ring)

@: icy armour, frozen ramparts, mesmerised, very quick
A: very small, unfitting armour, see invisible, herbivore, speed 3, slow
metabolism 2
a: Renounce Religion


You were on level 2 of the Lair of Beasts.
You worshipped Vehumet.
Vehumet was greatly pleased with you.
You were full.

You visited 3 branches of the dungeon, and saw 12 of its levels.

You collected 408 gold pieces.

Inventory:

Hand Weapons
 f - a +0 hand axe
 g - a +1 dagger (weapon)
 v - a +0 short sword
 z - a +2 scimitar of protection
Armour
 q - a +2 robe of positive energy
 u - a +0 buckler (worn)
 C - the cursed +0 robe "Bosm" (worn) {rN++ Regen+ Str+9 Dex-2}
   (You found it on level 1 of the Lair of Beasts)

   It affects your strength (+9).
   It affects your dexterity (-2).
   It greatly protects you from negative energy.
   It increases your rate of regeneration.
   It has a curse placed upon it.
Jewellery
 r - a ring of resist corrosion (left hand)
 s - an amulet of regeneration (around neck)
 y - an uncursed ring of fire
Wands
 E - a wand of flame (16)
 G - a wand of random effects (5)
Scrolls
 b - 5 scrolls of identify
 j - 9 scrolls of remove curse
 k - 2 scrolls of amnesia
 w - a scroll of fear
 x - a scroll of magic mapping
 A - 2 scrolls of blinking
Potions
 a - a potion of berserk rage
 d - a potion of heal wounds {unknown}
 e - a potion of haste
 h - 6 potions of curing
 i - a potion of cancellation {unknown}
 l - 2 potions of stabbing {unknown}
 m - 2 potions of lignification
 n - 8 potions of might
 o - 2 potions of brilliance {unknown}
 p - a potion of magic {unknown}
 t - a potion of resistance {unknown}
 D - a potion of degeneration {unknown}
 F - a potion of flight {unknown}
Miscellaneous
 B - a phantom mirror
Comestibles
 c - 21 rations


   Skills:
 + Level 4.3 Fighting
 + Level 5.5 Short Blades
 + Level 8.1 Dodging
 + Level 8.8 Stealth
 + Level 2.9 Shields
 + Level 7.8 Spellcasting
 + Level 8.2 Charms
 * Level 8.0 Ice Magic
 + Level 4.5 Air Magic
 + Level 2.5 Evocations


You had 13 spell levels left.
You knew the following spells:

 Your Spells              Type           Power        Failure   Level  Hunger
a - Ozocubu's Armour      Chrm/Ice       #####...     1%          3    None
b - Summon Ice Beast      Ice/Summ       ###.....     22%         4    ###....
f - Freeze                Ice            ####         1%          1    None
r - Frozen Ramparts       Ice            #####.       1%          3    None
s - Shock                 Conj/Air       ###.         1%          1    None

Your spell library contained the following spells:

 Spells                   Type           Power        Failure   Level  Hunger
 Sticky Flame             Conj/Fire      #.......     28%         4    ###....
 Foxfire                  Conj/Fire      #...         3%          1    None
 Hailstorm                Conj/Ice       ###.....     6%          4    ###....
 Conjure Flame            Conj/Fire      #.......     10%         3    None
 Inner Flame              Hex/Fire       #.......     10%         3    None
 Sting                    Tmut/Pois      #...         12%         1    None
 Fireball                 Conj/Fire      #.........   58%         5    #####..


Dungeon Overview and Level Annotations

Branches:
Dungeon (9/15)             Temple (1/1) D:4            Lair (2/6) D:9
 Shoals (0/4) Lair:2
  Snake: Lair:2-4    Spider: Lair:2-4       Orc: D:9-12

Altars:
Ashenzari
Cheibriados
Dithmenos
Elyvilon
Fedhas
Gozag
Hepliaklqana
Kikubaaqudgha
Makhleb
Nemelex Xobeh
Okawaru
Qazlal
Ru
Sif Muna
Trog
Uskayaw
Vehumet
Wu Jian
Xom
Yredelemnul
Zin
The Shining One

Annotations:
D:8 3 runed translucent doors, Zajic's ghost, novice MiBe


Innate Abilities, Weirdness & Mutations

You are very small and have problems with some larger weapons.
You are too small for most types of armour.
You have supernaturally acute eyesight. (SInv)
You are a herbivore.
You cover ground extremely quickly.
You need to consume almost no food.


Message History

You hear a shout!
The wall freezes the merfolk siren.
You kill the merfolk siren!
Vehumet accepts your kill.
You feel your power returning.
The wall freezes the merfolk.
You block the merfolk's attack.
The wall freezes the merfolk siren.
The merfolk siren chants its luring song.
You cannot move away from the merfolk siren!
You feel better.
The wall freezes the merfolk!
You block the merfolk's attack.
The wall freezes the merfolk siren.
Evoke which item? (* to show all) (? for menu, Esc to quit)
Okay, then.
Casting: Ozocubu's Armour (safe; 1% risk of failure)
Confirm with . or Enter, or press ? or * to list all spells.
Okay, then.
Casting: Ozocubu's Armour (safe; 1% risk of failure)
Confirm with . or Enter, or press ? or * to list all spells.
A film of ice covers your body!
The wall freezes the merfolk!
The merfolk hits you from afar with a +0 trident!!
You die...

#..≈♣♣≈≈....
#..≈≈≈≈≈...
#........ #
#....... #..
#......# ..#>
#......# ..≈≈≈
##......#.≈≈≈#
#....<@)mm.#
#........###
#..........≈≈
##.........≈♣
#..........≈≈≈
#..............
######P##...P#.
### #####


You could see a merfolk and a merfolk siren (mesmerising).

Vanquished Creatures
  Erolcha (D:9)
  A hydra (Lair:1)
  A merfolk siren (Lair:2)
  A black mamba (Lair:1)
  A spiny frog (Lair:1)
  A troll (D:9)
  Prince Ribbit (D:5)
  Grinder (D:5)
  A hippogriff (Lair:1)
  A human (D:7)
  11 yaks
  3 hogs (D:7)
  2 porcupines (Lair:1)
  3 water moccasins
  An ice beast (D:9)
  An orc warrior (D:8)
  6 ogres
  A sky beast (D:7)
  2 centaurs
  3 crocodiles
  Blork the orc (D:6)
  2 bullfrogs
  8 killer bees (D:7)
  7 crimson imps
  A bullfrog zombie (D:9)
  A quasit (D:9)
  6 hounds
  2 jellies
  3 orc priests
  3 centaur skeletons
  13 orc wizards
  A bullfrog skeleton (D:5)
  Terence (D:3)
  4 iguanas
  5 worker ants
  A hound skeleton (D:9)
  11 adders
  3 gnolls (D:6)
  A shadow imp (D:5)
  An adder zombie (D:9)
  3 worms
  6 leopard geckos
  23 orcs
  4 giant cockroaches
  5 goblins
  7 hobgoblins
  16 jackals
  3 quokkas
  6 bats
  6 frilled lizards
  A jackal skeleton (D:4)
  7 kobolds
  A leopard gecko zombie (D:7)
  2 rats
208 creatures vanquished.

Vanquished Creatures (others)
  2 fungi (Lair:1)
2 creatures vanquished.

Grand Total: 210 creatures vanquished

Notes
Turn   | Place    | Note
-------+----------+-------------------------------------------
     0 | D:1      | Majang the Spriggan Ice Elementalist began the quest for
                  | the Orb.
     0 | D:1      | Reached XP level 1. HP: 9/9 MP: 5/5
   313 | D:1      | Reached XP level 2. HP: 13/13 MP: 5/7
   965 | D:2      | Reached XP level 3. HP: 16/16 MP: 5/8
  1070 | D:2      | Learned a level 3 spell: Frozen Ramparts
  1074 | D:2      | Learned a level 3 spell: Ozocubu's Armour
  1661 | D:2      | Reached skill level 1 in Charms
  1910 | D:3      | Reached XP level 4. HP: 8/21 MP: 1/10
  2322 | D:3      | Noticed Terence
  2324 | D:3      | Found a radiant altar of Vehumet.
  2334 | D:3      | Became a worshipper of Vehumet
  2347 | D:3      | Reached XP level 5. HP: 24/24 MP: 4/12
  2349 | D:3      | Killed Terence
  2971 | D:3      | Found a shattered altar of Ashenzari.
  3165 | D:3      | Reached XP level 6. HP: 28/29 MP: 8/13
  3216 | D:3      | Reached * piety under Vehumet
  3216 | D:3      | Offered knowledge of Shock by Vehumet.
  3249 | D:3      | Reached skill level 5 in Ice Magic
  3253 | D:3      | Learned a level 1 spell: Shock
  3386 | D:4      | Reached skill level 1 in Short Blades
  3500 | D:4      | Reached skill level 1 in Fighting
  3612 | D:4      | Reached XP level 7. HP: 21/33 MP: 11/15
  3849 | D:4      | Found a staircase to the Ecumenical Temple.
  3885 | D:4      | Reached skill level 1 in Air Magic
  3901 | D:4      | Reached skill level 5 in Spellcasting
  4075 | Temple   | Entered the Ecumenical Temple
  4603 | D:5      | Entered Level 5 of the Dungeon
  4603 | D:5      | Noticed Prince Ribbit
  4631 | D:5      | Killed Prince Ribbit
  4631 | D:5      | Reached XP level 8. HP: 39/39 MP: 9/17
  4813 | D:5      | Noticed Grinder
  4854 | D:5      | Offered knowledge of Searing Ray by Vehumet.
  4942 | D:5      | Reached ** piety under Vehumet
  4942 | D:5      | Reached skill level 5 in Stealth
  5005 | D:5      | Reached skill level 5 in Charms
  5260 | D:5      | Paralysed by Grinder for 5 turns
  5274 | D:5      | Killed Grinder
  5274 | D:5      | Reached skill level 5 in Dodging
  5407 | D:5      | Found a basalt altar of Yredelemnul.
  5414 | D:5      | Found a shadowy altar of Dithmenos.
  5593 | D:6      | Found a bloodstained altar of Trog.
  5595 | D:6      | Found a burning altar of Makhleb.
  5595 | D:6      | Found a shimmering altar of Xom.
  5645 | D:6      | Found a glowing drain.
  5751 | D:6      | Noticed Blork the orc
  5788 | D:6      | Killed Blork the orc
  6113 | D:6      | Found a stormy altar of Qazlal.
  6382 | D:7      | Reached XP level 9. HP: 43/43 MP: 16/19
  6402 | D:7      | Found a hide-covered altar of Uskayaw.
  6517 | D:7      | Offered knowledge of Ignite Poison by Vehumet.
  6643 | D:7      | Reached skill level 1 in Shields
  6718 | D:7      | Reached *** piety under Vehumet
  7347 | D:7      | Offered knowledge of Olgreb's Toxic Radiance by Vehumet.
  7503 | D:7      | Found a hazy altar of Hepliaklqana.
  7503 | D:7      | Found an ancient bone altar of Kikubaaqudgha.
  7759 | D:8      | Noticed a komodo dragon
  7760 | D:8      | Found a runed translucent gate.
  7760 | D:8      | Found a runed translucent gate.
  7760 | D:8      | Found a runed translucent gate.
  7761 | D:8      | Noticed Zajic's ghost (novice MiBe)
  7762 | D:8      | Noticed a two-headed ogre
  7914 | D:8      | Found a sparkling altar of Nemelex Xobeh.
  7929 | D:8      | Reached XP level 10. HP: 49/49 MP: 18/21
  8065 | D:8      | Found a shimmering blue altar of Sif Muna.
  8211 | D:8      | Identified Sif Muna's Almanac of Envenoming
  8364 | D:9      | Found a staircase to the Lair.
  8588 | D:9      | Reached **** piety under Vehumet
  8668 | D:9      | Offered knowledge of Sticky Flame by Vehumet.
  8690 | D:9      | Noticed Erolcha
  8731 | D:9      | Killed Erolcha
  8731 | D:9      | Reached skill level 5 in Short Blades
  9138 | Lair:1   | Entered Level 1 of the Lair of Beasts
  9178 | Lair:1   | Got a colourful robe
  9179 | Lair:1   | Identified the cursed +0 robe "Bosm" {rN++ Regen+ Str+9
                  | Dex-2} (You found it on level 1 of the Lair of Beasts)
  9190 | Lair:1   | Noticed a five-headed hydra
  9228 | Lair:1   | Learned a level 4 spell: Summon Ice Beast
  9275 | Lair:1   | Killed a five-headed hydra
  9275 | Lair:1   | Reached skill level 1 in Evocations
  9543 | Lair:1   | Noticed a spiny frog
  9554 | Lair:1   | Killed a spiny frog
  9783 | Lair:1   | Reached XP level 11. HP: 53/53 MP: 23/23
 10420 | Lair:2   | Found a staircase to the Shoals.
 10433 | Lair:2   | Slain by a merfolk

Illustrated notes

Levels and vault maps discovered:
D:1:      dpeg_arrival_tiny_j, layout_rooms
D:2:      layout_loops_ring, kennysheep_generic_room_11
D:3:      layout_loops_ring, vehumet_crystals, ashenzari_conservatory_becter,
          uniq_terence
D:4:      layout_rooms, minmay_temple_entry_junction_2, first_ration,
          minivault_24
D:5:      layout_rooms, minitemple, uniq_prince_ribbit1, uniq_grinder
D:6:      layout_loops_cross, nicolae_overflow_hidden_temple,
          chequers_temple_overflow_statue_of_worship,
          cheibrodos_sewer_entry_bend, uniq_blork_the_orc
D:7:      layout_loops_ring, kennysheep_mini_moat,
          gammafunk_temple_overflow_wave, grunt_livestock, eino_jars
D:8:      layout_rooms, nicolae_overflow_crystal_walls, gammafunk_ghost_split,
          led_sif_book
D:9:      layout_basic, lair_entry_dummy, uniq_erolcha
Temple:   cyrus_temple_forest
Lair:1:   layout_cellular_growth, serial_bayou_shore_a
Lair:2:   layout_gridlike, elwin_shoals_entry_stream,
          chequers_serial_rivers_marsh

Skill      XL: |  1  2  3  4  5  6  7  8  9 10 11 |
---------------+----------------------------------+-----
Spellcasting   | 3 4 5 6 7 |  7.8
Ice Magic      | 4 5 6 7 8 |  8.0
Charms         | 1 2 3 4 5 6 8 |  8.2
Short Blades   | 1 2 3 4 5 |  5.5
Fighting       | 1 2 3 4 |  4.3
Stealth        | 4 6 7 8 |  8.8
Air Magic      | 1 2 3 4 |  4.5
Dodging        | 4 5 6 7 8 |  8.1
Shields        | 1 2 |  2.9
Evocations     | 2 |  2.5

Action                   |  1- 3 |  4- 6 |  7- 9 | 10-12 || total
-------------------------+-------+-------+-------+-------++-------
Melee: Dagger            |    12 |    35 |    94 |    70 ||   211
 Cast: Freeze            |    46 |    30 |    33 |    16 ||   125
       Frozen Ramparts   |       |    14 |    51 |    26 ||    91
       Shock             |       |     2 |    32 |    14 ||    48
       Ozocubu's Armour  |       |       |    10 |    12 ||    22
Evoke: Wand              |       |       |       |     6 ||     6
  Use: Scroll            |       |       |    12 |     4 ||    16
       Potion            |       |       |       |     6 ||     6
 Stab: Sleeping          |     4 |     3 |    14 |    12 ||    33
  Eat: Ration            |     2 |       |     6 |       ||     8
Armor: Robe              |     1 |     6 |    15 |     3 ||    25
Dodge: Dodged            |    35 |    60 |   103 |    42 ||   240
Block: Buckler           |       |       |    11 |    21 ||    32

Table legend:
 A = Non-vault XP
 B = Vault XP
 C = Vault XP percentage of total XP
 D = Non-vault monster count
 E = Vault monster count
 F = Vault count percentage of total count
                 A         B        C        D         E       F
            +---------+---------+-------+---------+---------+-------
      Total |    9211 |    3829 |  29.4 |     185 |      23 |  11.1
            +---------+---------+-------+---------+---------+-------
        D:1 |      23 |       0 |   0.0 |      13 |       0 |   0.0
        D:2 |      41 |      13 |  24.1 |      18 |       1 |   5.3
        D:3 |     299 |      36 |  10.7 |      30 |       1 |   3.2
        D:4 |     820 |       0 |   0.0 |      26 |       0 |   0.0
        D:5 |     285 |     564 |  66.4 |      14 |       2 |  12.5
        D:6 |     591 |      99 |  14.3 |      16 |       2 |  11.1
        D:7 |     842 |    1503 |  64.1 |      18 |      13 |  41.9
        D:8 |     465 |      82 |  15.0 |      12 |       2 |  14.3
        D:9 |    1806 |    1042 |  36.6 |      22 |       1 |   4.3
     Lair:1 |    4039 |       0 |   0.0 |      16 |       0 |   0.0
     Lair:2 |       0 |     490 | 100.0 |       0 |       1 | 100.0
            +---------+---------+-------+---------+---------+-------
